 Dungeon Crawl Stone Soup version 0.18-a0-775-g4d9e04e (webtiles) character file.

307 tof the Skirmisher (level 6, -5/79 HPs)
             Began as a Hill Orc Chaos Knight on Dec 13, 2015.
             Killed by nerve-wracking pain
             ... invoked by Grinder
              (12 damage)
             ... on level 3 of the Dungeon.
             The game lasted 00:14:59 (3446 turns).

tof the Skirmisher (Hill Orc Chaos Knight)          Turns: 3446, Time: 00:14:59

Health: -5/79      AC:  6    Str: 20    XL:     6   Next: 40%
Magic:  6/6        EV: 13    Int: 12    God:    Xom [..*...]
Gold:   251        SH: 12    Dex: 17    Spells: 0 memorised, 5 levels left

rFire  . . .     SeeInvis +     a - +1 falchion (chaos)
rCold  . . .     Clarity  .     i - +2 leather armour {rPois}
rNeg   . . .     SustAt   .     h - +0 large shield
rPois  +         Gourm    .     (no helmet)
rElec  .         Spirit   .     (no cloak)
rCorr  .         Dismiss  .     (no gloves)
rMut   .         Stasis   .     n - +0 pair of boots
MR     .....                    (no amulet)
Stlth  ..........               (no ring)
                                k - ring of see invisible

@: agile, berserking, very slightly contaminated, hasted, very quick, not
resistant to hostile enchantments, extremely unstealthy
A: no striking features
a: Renounce Religion


You were on level 3 of the Dungeon.
You worshipped Xom.
You were a toy of Xom.
You were not hungry.

You visited 1 branch of the dungeon, and saw 3 of its levels.

You collected 251 gold pieces.

Inventory:

Hand Weapons
 a - a +1 falchion of chaos (weapon)
Armour
 b - a +2 leather armour
 h - a +0 large shield (worn)
 i - a +2 leather armour of poison resistance (worn)
 n - a +0 pair of boots (worn)
Jewellery
 k - a ring of see invisible (left hand)
Scrolls
 d - 3 scrolls of identify
 f - a scroll of recharging
 j - 2 scrolls of teleportation
 l - a scroll of remove curse
 m - a scroll of fear
Comestibles
 c - 3 bread rations


   Skills:
 + Level 4.7 Fighting
 + Level 4.6 Long Blades
 + Level 3.3 Armour
 + Level 3.3 Dodging
 + Level 0.5 Stealth
 + Level 0.2 Shields


You had 5 spell levels left.
You didn't know any spells.

Dungeon Overview and Level Annotations

Branches:
Dungeon (3/15)

Altars:
Dithmenos
Elyvilon
Kikubaaqudgha

Annotations:
D:3 Grinder


Message History

You block Grinder's attack.
You closely miss Grinder.
Grinder is moderately wounded.
You barely miss Grinder.
Grinder is moderately wounded.
Grinder hits you.
* * * LOW HITPOINT WARNING * * *
You writhe in agony.
* * * LOW HITPOINT WARNING * * *
Unknown command.
You slash Grinder!
Grinder is severely wounded.
Grinder gestures.
Grinder blinks!
Grinder barely misses you.
Your shield prevents you from hitting Grinder.
Grinder is severely wounded.
Grinder gestures at you. Pain shoots through your body!
You die...

....##.....##....####..........##
...###..#..###..## ##............
...##..###..##.#####...........#.
)......###.....##..............##
....#...#.[..##...............##
....#......#....##.####......##
...#...#.#.#..####.#########.#
......(#.#.#.###.....# #.##
##.....#.#.#.###@....# #..#
#.....#...#....5....# ##.#
#.#......#.....##.### ######.###
#...<........)..#... ##.........
###.....#.......#.#.##.....#####
#.............#...............
##...#...................#.###
#.....#.................#.#..
###...#........##.##......#.#).


You could see Grinder.

Vanquished Creatures
  The ghost of tof the Charmwright, an amateur MfSk of Nemelex Xobeh (D:3)
  3 vampire bats (D:2)
  Ijyb (D:2)
  An adder (D:3)
  An ooze (D:2)
  2 worms
  3 orcs (D:3)
  5 bats
  3 bat skeletons (D:2)
  A bat zombie (D:2)
  5 giant cockroaches
  9 hobgoblins
  5 jackals
  2 ball pythons
  A giant newt (D:1)
  4 goblins
  6 kobolds
  11 rats
  A plant (D:3)
65 creatures vanquished.

Notes
Turn   | Place    | Note
--------------------------------------------------------------
     0 | D:1      | tof the Hill Orc Chaos Knight began the quest for the Orb.
     0 | D:1      | Reached XP level 1. HP: 19/19 MP: 1/1
   326 | D:1      | XOM: silly message
   436 | D:1      | Reached XP level 2. HP: 27/27 MP: 2/2
   446 | D:1      | XOM is BORED!
   446 | D:1      | XOM: noise
   788 | D:1      | Reached skill level 1 in Dodging
   880 | D:1      | XOM: cast spell 'Dragon Form'
   938 | D:2      | Reached XP level 3. HP: 33/33 MP: 3/3
   939 | D:2      | Found an ancient bone altar of Kikubaaqudgha.
   949 | D:2      | XOM: harmless Hex miscast
   953 | D:2      | XOM: potion effect (berserk rage)
   954 | D:2      | Reached skill level 4 in Fighting
   954 | D:2      | Reached XP level 4. HP: 36/40 MP: 4/4
   963 | D:2      | Reached XP level 5. HP: 39/46 MP: 5/5
  1411 | D:2      | XOM: silly message
  1535 | D:2      | Noticed Ijyb
  1535 | D:2      | XOM: potion effect (haste)
  1545 | D:2      | Killed Ijyb
  1556 | D:2      | XOM: silly message
  1790 | D:2      | XOM is BORED!
  1790 | D:2      | XOM: noise
  2076 | D:3      | XOM: harmless Summ miscast
  2151 | D:3      | Noticed tof's ghost (amateur MfSk)
  2165 | D:3      | Killed tof's ghost
  2165 | D:3      | Reached XP level 6. HP: 38/53 MP: 6/6
  2324 | D:3      | Found a white marble altar of Elyvilon.
  2481 | D:3      | Noticed Grinder
  2481 | D:3      | XOM: harmless Tloc miscast
  2487 | D:3      | Paralysed by Grinder for 4 turns
  2488 | D:3      | XOM: harmless Divn miscast
  2492 | D:3      | XOM: potion effect (agility)
  2503 | D:3      | XOM: silly message
  2803 | D:3      | XOM: silly message
  2842 | D:3      | Paralysed by Grinder for 6 turns
  2851 | D:3      | Paralysed by Grinder for 3 turns
  2853 | D:3      | XOM: confuse monster(s)
  3021 | D:3      | Found a shadowy altar of Dithmenos.
  3051 | D:3      | Paralysed by Grinder for 3 turns
  3059 | D:3      | XOM: confuse monster(s)
  3250 | D:3      | XOM: silly message
  3381 | D:3      | XOM: harmless Pois miscast
  3423 | D:3      | XOM: potion effect (haste)
  3431 | D:3      | Paralysed by Grinder for 7 turns
  3435 | D:3      | XOM: potion effect (berserk rage)
  3440 | D:3      | XOM: potion effect (agility)
  3446 | D:3      | Killed from afar by Grinder

Vault maps used:
D:1:      minmay_arrival_four_circles, serial_park_tiny_1
D:2:      kennysheep_vampire_church, kennysheep_generic_room_7, uniq_iyjb
D:3:      minmay_door_path, nicolae_dithmenos_shadow_blocks, elyvilon_altar_1,
          first_bread, uniq_grinder

Action                   |  1- 3 |  4- 6 || total
-------------------------+-------+-------++-------
Melee: Falchion          |    63 |   188 ||   251
       Unarmed           |     1 |       ||     1
  Use: Scroll            |     3 |     7 ||    10
       Potion            |     1 |     6 ||     7
 Stab: Paralysed         |     1 |       ||     1
       Confused          |       |     2 ||     2
       Sleeping          |       |     1 ||     1
  Eat: Chunk             |       |     4 ||     4
       Fruit             |       |     3 ||     3
       Bread ration      |       |     1 ||     1
